 Dungeon Crawl Stone Soup version 0.20-a0-379-gc0b65bf (webtiles) character file.

176831 Duffy the Brawler (level 17, -1/105 HPs)
             Began as a Grey Draconian Fighter on Dec 29, 2016.
             Was the Champion of Cheibriados.
             Succumbed to a naga ritualist's poison
             ... on level 1 of the Snake Pit.
             The game lasted 00:41:48 (37853 turns).

Duffy the Brawler (Grey Draconian Fighter)         Turns: 37853, Time: 00:41:49

Health: -1/105     AC: 16    Str: 43 (47) XL:     17   Next: 52%
Magic:  17/26      EV: 22    Int: 22 (24) God:    Cheibriados [******]
Gold:   648        SH: 12    Dex: 21 (24) Spells: 16/16 levels left

rFire  + + .     SeeInvis .       - Unarmed
rCold  + . .     Gourm    .     (armour unavailable)
rNeg   + + +     Faith    +     a - +0 shield
rPois  +         Spirit   .     (helmet restricted)
rElec  +         Reflect  .     v - +0 cloak "Eheesogu" {Str+3}
rCorr  .         Harm     .     T - +0 pair of gloves "Derchy" {*Drain rPois rN+++ Stlth-}
MR     +....                    (no boots)
Stlth  +.........               z - amulet of faith
                                p - +4 ring of slaying
                                X - ring "Wizy" {rF+ rC+ rN+ Str+4}

@: lethally poisoned (-1 -> -14), drained, very slow
A: walk through water, unfitting armour, fangs 1, stinger 1, clumsy 1, dopey 1,
fire resistance 1, frail 3, regeneration 1, electricity resistance, strong 1,
unbreathing, cold-blooded, MP-powered wands, AC +14
a: Bend Time, Temporal Distortion, Slouch, Step From Time, Renounce Religion


You were on level 1 of the Snake Pit.
You worshipped Cheibriados.
Cheibriados was exalted by your worship.
You were very hungry.

You visited 6 branches of the dungeon, and saw 28 of its levels.
You visited the Abyss 1 time.
You visited 1 bazaar.
You also visited: Ice Cave.

You collected 2611 gold pieces.
You spent 1963 gold pieces at shops.

Inventory:

Missiles
 M - 4 throwing nets (quivered)
Armour
 a - a +0 shield (worn)
 v - the +0 cloak "Eheesogu" (worn) {Str+3}
   (You bought it in a shop in a bazaar)

   It affects your strength (+3).
 T - the +0 pair of gloves "Derchy" (worn) {*Drain rPois rN+++ Stlth-}
   (You found it on level 12 of the Dungeon)

   It protects you from poison.
   It renders you almost immune to negative energy.
   It causes draining when unequipped.
   It makes you less stealthy.
Jewellery
 p - a +4 ring of slaying (right hand)
 z - an amulet of faith (around neck)
 D - an uncursed ring of protection from cold
 S - an uncursed ring of protection from fire
 V - an uncursed ring of protection from magic
 W - an uncursed ring of see invisible
 X - the ring "Wizy" (left hand) {rF+ rC+ rN+ Str+4}
   (You found it in an ice cave)

   [ring of protection from cold]

   It affects your strength (+4).
   It protects you from fire.
   It protects you from cold.
   It protects you from negative energy.
Wands
 g - a wand of paralysis (9/24)
 k - a wand of acid (7/15)
 m - a wand of lightning (9/15)
 u - a wand of confusion (10/48)
 w - a wand of digging (12/24)
 B - a wand of flame (19/48)
 J - a wand of enslavement (20/24)
 K - a wand of lightning (1/15)
 L - a wand of iceblast (7/15)
 P - a wand of polymorph (6/24)
Scrolls
 f - 3 scrolls of fear
 n - 6 scrolls of magic mapping
 o - 3 scrolls of recharging
 q - 2 scrolls of blinking
 r - 7 scrolls of fog
 x - a scroll of immolation
 y - 4 scrolls of remove curse
 C - 4 scrolls of enchant armour
 H - 2 scrolls of vulnerability
 N - 10 scrolls of teleportation
Potions
 b - 4 potions of might
 e - 2 potions of invisibility
 i - a potion of cancellation
 j - 2 potions of agility
 l - 2 potions of ambrosia
 s - 4 potions of resistance
 t - 11 potions of curing
 A - a potion of heal wounds
 Q - a potion of flight
 Y - 2 potions of brilliance
Comestibles
 c - 11 bread rations
 d - 19 fruits
 h - 5 beef jerkies
 E - 12 royal jellies
 F - 14 meat rations
 I - 3 slices of pizza


   Skills:
 + Level 13.5(12.6) Fighting
 + Level 14.9(14.0) Dodging
 - Level 3.0(2.3) Shields
 + Level 20.4(19.3) Unarmed Combat
 - Level 12.0(11.1) Invocations


You had 16 spell levels left.
You didn't know any spells.

Dungeon Overview and Level Annotations

Branches:
Dungeon (15/15)            Temple (1/1) D:7            Lair (6/6) D:11
  Swamp (3/4) Lair:4        Snake (1/4) Lair:2        Slime (0/5) Lair:6
    Orc (2/2) D:11            Elf (0/3) Orc:2        Vaults (0/5) D:13
 Depths (0/5) D:15

Altars:
Ashenzari
Cheibriados
Dithmenos
Elyvilon
Fedhas
Gozag
Hepliaklqana
Kikubaaqudgha
Makhleb
Nemelex Xobeh
Okawaru
Qazlal
Ru
Sif Muna
Trog
Uskayaw
Vehumet
Xom
Yredelemnul
Zin
The Shining One
Beogh

Shops:
D:14 =   D:15 *   Orc:1 =   Orc:2 [*}?

Portals:
Pandemonium: Orc:2
Trove: D:13 (give +4 fire dragon scales)

Annotations:
Lair:6 exclusion: 7 oklob plants


Innate Abilities, Weirdness & Mutations

You can walk through water.
Your dull iron-grey scales are very hard. (AC +14)
You cannot fit into any form of body armour.
You can survive without breathing.
You are cold-blooded and may be slowed by cold attacks.
You have very sharp teeth.
Your tail ends in a poisonous barb.
You are clumsy. (Dex -2)
You are dopey. (Int -2)
Your flesh is heat resistant. (rF+)
You are extremely frail. (-30% HP)
Your natural rate of healing is unusually fast.
You are resistant to electric shocks. (rElec)
Your muscles are strong. (Str +2)
You expend magic power (3 MP) to strengthen your wands.


Message History

Your shield prevents you from hitting the naga ritualist.
The naga ritualist is moderately wounded.
You feel sick.
You hit the naga ritualist but do no damage.
The naga ritualist is moderately wounded.
You feel sick. The naga ritualist spits poison at you.
The splash of poison hits you! You resist. The naga ritualist constricts you.
You closely miss the naga ritualist.
Your tail-slap misses the naga ritualist.
You bite the naga ritualist!
The naga ritualist is moderately wounded.
You feel sick.
The naga ritualist mumbles some strange words.
The naga ritualist begins to radiate toxic energy.
The naga ritualist constricts you.
You beat the naga ritualist into a bloody pulp!!!
You kill the naga ritualist!
Cheibriados appreciates the change of pace.
You die...

##...........# ##....#
#.. .)...........##
###### ##..
.....#####....# ##...
##..## ##...### ##....
#...# ##....## ##....#
#...##
##....##########..<.##
#....##
##....#..#........##
##..).##
##=.)....)......##
##.#..##
##@†........#.##
###...##
#######).##### ##...##
#..# # ###.....# #..#
####.#.#[.## #..#
.##...#####
##########..#####
....†##
##....#............
..††##
#....#.............
...)##
#........#.........


There were no monsters in sight!

Vanquished Creatures
  Kirke (D:12)
  A thorn hunter (Swamp:3)
  A frost giant (IceCv)
  An orc warlord (Orc:1)
  A very ugly thing (Abyss:1)
  6 dire elephants (Lair:6)
  Azrael (D:15)
  Josephine (D:10)
  A hydra (shapeshifter) (D:15)
  Harold (D:11)
  Erolcha (D:10)
  2 rakshasas
  2 naga warriors (Snake:1)
  15 hydras
  A catoblepas (D:15)
  2 anacondas
  6 alligators
  A death knight (D:15)
  A dancing weapon (Orc:2)
  3 centaur warriors
  10 two-headed ogres
  An ogre mage (D:13)
  2 death yaks (IceCv)
  9 orc high priests
  2 naga sharpshooters (Snake:1)
  Sonja (D:13)
  A wretched star (Abyss:1)
  A skeletal warrior (D:15)
  A glowing orange brain (D:15)
  An infernal demonspawn (Orc:2)
  2 naga ritualists (Snake:1)
  2 unseen horrors
  A wizard (D:15)
  A shambling mangrove (Swamp:3)
  A spriggan druid (Swamp:2)
  4 swamp dragons
  6 orc knights
  A mana viper (Snake:1)
  4 manticores
  2 deep elf magi
  5 orc sorcerers
  8 ugly things
  A salamander (Snake:1)
  A guardian serpent (Snake:1)
  3 cyclopes
  13 elephants
  14 black mambas
  3 naga magi (Snake:1)
  A rust devil (Orc:2)
  Maurice (D:10)
  A torpor snail (Lair:4)
  A smoke demon (Orc:2)
  2 gargoyles
  16 spiny frogs
  8 komodo dragons
  A yaktaur (shapeshifter) (D:15)
  2 freezing wraiths
  6 rime drakes
  An ice devil (Orc:2)
  3 tengu conjurers (D:15)
  An ancient zyme (Abyss:1)
  4 tyrant leeches
  A meliai (D:14)
  15 polar bears
  A queen bee (shapeshifter) (D:15)
  A queen bee (D:8)
  7 hornets
  7 trolls
  24 slime creatures
  3 raiju (Abyss:1)
  7 bog bodies
  11 dream sheep (Lair:6)
  19 blink frogs
  A dream sheep (shapeshifter) (D:15)
  18 hippogriffs
  2 shadows
  4 spriggans
  7 wraiths
  8 wyverns
  52 yaks
  A vampire (D:15)
  5 hogs (D:12)
  6 basilisks
  22 vampire mosquitoes
  4 hungry ghosts
  A chaos spawn (Abyss:1)
  Menkaure (D:7)
  2 neqoxecs (Abyss:1)
  9 insubstantial wisps
  18 swamp worms
  5 wargs
  11 nagas
  A soldier ant (D:15)
  An acid dragon (D:11)
  18 water moccasins
  5 hell hounds
  12 porcupines
  10 sky beasts
  43 orc warriors
  2 black bears (D:10)
  10 swamp drakes
  An eye of draining (shapeshifter) (D:15)
  3 necrophages
  An ice beast (D:10)
  2 phantoms (D:7)
  17 wolves
  15 centaurs
  17 ogres
  16 crocodiles
  A big kobold (D:11)
  17 bullfrogs
  A gnoll sergeant (D:7)
  2 small abominations (Abyss:1)
  A water moccasin zombie (D:5)
  A wyvern skeleton (D:13)
  3 scorpions
  A water moccasin skeleton (D:7)
  15 killer bees
  9 wights
  2 electric eels (D:11)
  A howler monkey (D:12)
  5 crimson imps
  2 centaur zombies
  24 orc wizards
  6 hounds
  29 orc priests
  6 centaur skeletons
  4 jellies
  9 worker ants
  4 iguanas
  2 killer bee zombies
  2 hound skeletons
  2 worker ant zombies
  13 gnolls
  8 adders
  2 shadow imps
  An ooze (D:2)
  3 adder zombies (D:5)
  4 adder skeletons
  6 worms
  11 leopard geckos
  108 orcs
  2 ball pythons (D:1)
  3 giant cockroaches
  5 goblins
  4 hobgoblins
  7 kobolds
  7 quokkas
  5 bats
  8 frilled lizards
  A giant cockroach zombie (D:5)
  2 jackal skeletons (D:5)
  A leopard gecko skeleton (D:9)
  A quokka zombie (D:5)
  7 rats
  A briar patch (Swamp:3)
  2 plants
1006 creatures vanquished.

Vanquished Creatures (others)
  A polar bear (IceCv)
  3 yaks (Lair:6)
  A human (D:12)
  A wolf (IceCv)
  2 bushes (Lair:4)
  29 fungi
  19 plants
56 creatures vanquished.

Grand Total: 1062 creatures vanquished

Notes
Turn   | Place    | Note
-------+----------+-------------------------------------------
     0 | D:1      | Duffy the Draconian Fighter began the quest for the Orb.
     0 | D:1      | Reached XP level 1. HP: 19/19 MP: 1/1
   118 | D:1      | Reached XP level 2. HP: 26/26 MP: 2/2
   271 | D:1      | Reached skill level 3 in Unarmed Combat
   695 | D:1      | HP: 1/26 [gnoll/spear (7)]
   696 | D:1      | Reached XP level 3. HP: 1/31 MP: 3/3
  1462 | D:2      | Reached skill level 4 in Unarmed Combat
  2048 | D:3      | Found a hazy altar of Hepliaklqana.
  2134 | D:3      | Reached XP level 4. HP: 26/38 MP: 4/4
  3004 | D:4      | Noticed an ogre
  3015 | D:4      | Killed an ogre
  3015 | D:4      | Reached skill level 5 in Unarmed Combat
  3015 | D:4      | Reached XP level 5. HP: 32/45 MP: 5/5
  3380 | D:4      | Reached skill level 6 in Unarmed Combat
  3584 | D:4      | Found a deep blue altar of Sif Muna.
  3671 | D:4      | Reached XP level 6. HP: 51/51 MP: 6/6
  3866 | D:5      | Entered Level 5 of the Dungeon
  4346 | D:4      | Reached skill level 7 in Unarmed Combat
  4706 | D:4      | Your scales start taking on a dull iron-grey colour.
  4706 | D:4      | Reached XP level 7. HP: 57/57 MP: 7/7
  4706 | D:4      | Gained mutation: You can survive without breathing. [Grey Draconian growth]
  4839 | D:5      | Reached skill level 8 in Unarmed Combat
  5514 | D:5      | Reached skill level 5 in Fighting
  5514 | D:5      | Reached XP level 8. HP: 68/68 MP: 8/8
  5519 | D:5      | Reached skill level 9 in Unarmed Combat
  5617 | D:5      | Found a blossoming altar of Fedhas.
  6841 | D:6      | Found a glowing golden altar of the Shining One.
  6927 | D:7      | Noticed a hippogriff
  6928 | D:7      | Found a staircase to the Ecumenical Temple.
  6957 | D:6      | Killed a hippogriff
  6957 | D:6      | Reached skill level 10 in Unarmed Combat
  7011 | Temple   | Entered the Ecumenical Temple
  7177 | Temple   | Became a worshipper of Cheibriados the Contemplative
  7368 | D:7      | Reached XP level 9. HP: 64/80 MP: 9/9
  7508 | D:7      | Noticed Menkaure
  7520 | D:7      | Killed Menkaure
  8105 | D:8      | Reached * piety under Cheibriados
  8475 | D:8      | Reached skill level 11 in Unarmed Combat
  8726 | D:8      | Reached ** piety under Cheibriados
  9641 | D:8      | Reached XP level 10. HP: 77/93 MP: 10/10
  9675 | D:8      | Reached skill level 10 in Fighting
 10608 | D:9      | Reached skill level 12 in Unarmed Combat
 10785 | D:9      | Found a basalt altar of Yredelemnul.
 10799 | D:9      | Reached *** piety under Cheibriados
 11302 | D:9      | Noticed a two-headed ogre
 11309 | D:9      | Killed a two-headed ogre
 11689 | D:10     | Entered Level 10 of the Dungeon
 11820 | D:10     | Noticed a gargoyle
 11825 | D:10     | Killed a gargoyle
 12073 | D:10     | Reached skill level 5 in Dodging
 12105 | D:10     | Reached **** piety under Cheibriados
 12742 | D:11     | Noticed Maurice
 12742 | D:11     | Noticed a manticore
 12744 | D:11     | Noticed Josephine
 12756 | D:10     | Killed a manticore
 12756 | D:10     | Reached skill level 13 in Unarmed Combat
 12756 | D:10     | Reached XP level 11. HP: 42/101 MP: 11/11
 13066 | D:11     | Noticed Erolcha
 13078 | D:10     | Killed Maurice
 13211 | D:10     | Killed Josephine
 13350 | D:11     | Cast into level 1 of the Abyss (Erolcha)
 13384 | Abyss:1  | Noticed a green very ugly thing
 13403 | Abyss:1  | Killed a green very ugly thing
 13410 | Abyss:1  | Gained mutation: Your body sometimes deteriorates upon taking damage. [a neqoxec]
 13529 | Abyss:1  | Noticed a wretched star
 13531 | Abyss:1  | Noticed a tentacled starspawn
 13664 | Abyss:1  | Gained mutation: Your body often deteriorates upon taking damage. [a neqoxec]
 13781 | Abyss:1  | Noticed a tentacled starspawn
 13843 | Abyss:1  | Noticed a rakshasa
 13846 | Abyss:1  | Killed a rakshasa
 13929 | Abyss:1  | Reached skill level 1 in Invocations
 13990 | Abyss:1  | Noticed a wretched star
 13999 | Abyss:1  | Killed a wretched star
 13999 | Abyss:1  | Reached skill level 14 in Unarmed Combat
 14001 | D:11     | Escaped the Abyss
 14005 | D:10     | Killed Erolcha
 14507 | D:11     | Found a sacrificial altar of Ru.
 14600 | D:11     | Found a staircase to the Lair.
 14648 | D:11     | Reached ***** piety under Cheibriados
 14725 | D:11     | Noticed a two-headed ogre
 14733 | D:11     | Killed a two-headed ogre
 14733 | D:11     | Reached XP level 12. HP: 86/107 MP: 13/15
 14889 | D:11     | Noticed an eight-headed hydra
 14896 | D:11     | Killed an eight-headed hydra
 15056 | D:11     | Found a staircase to the Orcish Mines.
 15126 | D:11     | Noticed Harold
 15145 | D:11     | Killed Harold
 15243 | D:11     | Reached skill level 5 in Invocations
 15473 | Lair:1   | Entered Level 1 of the Lair of Beasts
 15490 | Lair:1   | Got a translucent bone ring
 15518 | Lair:1   | Identified the ring "Jecvon" {rPois Str+2 Int+5} (You found it on level 1 of the Lair of Beasts)
 16856 | Lair:2   | Found an opulent altar of Gozag.
 17035 | Lair:2   | Found a staircase to the Snake Pit.
 17156 | Lair:2   | Reached ****** piety under Cheibriados
 17835 | Lair:3   | Reached skill level 10 in Invocations
 18189 | Lair:3   | Identified a scroll of acquirement
 18190 | Lair:3   | Reached skill level 15 in Unarmed Combat
 18190 | Lair:3   | Reached XP level 13. HP: 114/114 MP: 20/20
 18192 | Lair:3   | Got a pair of pitted boots
 18198 | Lair:3   | Identified the -4 pair of boots of Dithmenos's Hope {*Drain MR+ Int+3} (You acquired it on level 3 of the Lair of Beasts)
 18748 | Lair:3   | Reached XP level 14. HP: 119/122 MP: 21/21
 18955 | Lair:4   | Found a staircase to the Swamp.
 19000 | Lair:4   | Reached skill level 16 in Unarmed Combat
 21187 | Lair:6   | Entered Level 6 of the Lair of Beasts
 22280 | Lair:6   | Reached skill level 17 in Unarmed Combat
 22868 | Lair:6   | Found a staircase to the Slime Pits.
 23011 | Lair:6   | Reached skill level 10 in Dodging
 24166 | Lair:6   | Reached XP level 15. HP: 21/128 MP: 24/24
 24928 | Orc:1    | Entered Level 1 of the Orcish Mines
 25003 | Orc:1    | Found Nacexip's Jewellery Emporium.
 25008 | Orc:1    | Found a roughly hewn altar of Beogh.
 25010 | Orc:1    | Noticed an orc warlord
 25034 | Orc:1    | Killed an orc warlord
 25733 | Orc:1    | Reached skill level 18 in Unarmed Combat
 25880 | Orc:2    | Entered Level 2 of the Orcish Mines
 25932 | Orc:2    | Found a staircase to the Elven Halls.
 25965 | Orc:2    | Found Immuk's General Store.
 26316 | Orc:2    | Found Vaixzuff's Magic Scroll Shoppe.
 27505 | Orc:2    | Found Kiotaa's Antique Armour Boutique.
 27505 | Orc:2    | Found Pyeclew's Gadget Shop.
 27505 | Orc:2    | Found a one-way gate leading to the halls of Pandemonium.
 27986 | Orc:2    | Found a roughly hewn altar of Beogh.
 28203 | Orc:2    | Found a roughly hewn altar of Beogh.
 28622 | Orc:1    | Bought a +4 ring of slaying for 1248 gold pieces
 28670 | Orc:2    | Bought a potion of resistance for 160 gold pieces
 28670 | Orc:2    | Bought a scroll of identify for 32 gold pieces
 28670 | Orc:2    | Bought a potion of resistance for 160 gold pieces
 28670 | Orc:2    | Bought a scroll of teleportation for 48 gold pieces
 28672 | Orc:2    | Bought a scroll of fog for 34 gold pieces
 28672 | Orc:2    | Bought a scroll of fog for 34 gold pieces
 28672 | Orc:2    | Bought a scroll of identify for 34 gold pieces
 28672 | Orc:2    | Bought a scroll of magic mapping for 59 gold pieces
 28806 | D:12     | Gained mutation: You are frail. (-10% HP) [mutagenic meat]
 28807 | D:12     | Gained mutation: You are clumsy. (Dex -2) [mutagenic meat]
 28808 | D:12     | Gained mutation: Your muscles are strong. (Str +2) [mutagenic meat]
 29541 | D:12     | Noticed Kirke
 29554 | D:12     | Killed Kirke
 29788 | D:12     | Got a pair of ancient gloves
 29799 | D:12     | Identified the cursed +0 pair of gloves "Derchy" {*Drain rPois rN+++ Stlth-} (You found it on level 12 of the Dungeon)
 30007 | D:13     | Found a gate to the Vaults.
 30018 | D:13     | Reached skill level 19 in Unarmed Combat
 30213 | D:13     | Gained mutation: You are very frail. (-20% HP) [mutagenic meat]
 30214 | D:13     | Gained mutation: Your natural rate of healing is unusually fast. [mutagenic meat]
 30245 | D:13     | Found a portal to a secret trove of treasure.
 30248 | D:13     | Noticed Sonja
 30249 | D:13     | Killed Sonja
 30249 | D:13     | Reached XP level 16. HP: 108/108 MP: 25/25
 30847 | D:14     | Found Kopra's Jewellery Shoppe.
 30857 | D:14     | Found a frozen archway.
 30866 | IceCv    | Entered an ice cave
 31748 | IceCv    | Got a flickering glass ring
 31754 | IceCv    | Identified the ring "Wizy" {rF+ rC+ rN+ Str+4} (You found it in an ice cave)
 32167 | D:14     | Gained mutation: You have very sharp teeth. [mutagenic meat]
 32168 | D:14     | Gained mutation: You are extremely frail. (-30% HP) [mutagenic meat]
 32333 | D:14     | Gained mutation: You are dopey. (Int -2) [mutagenic meat]
 32521 | D:15     | Entered Level 15 of the Dungeon
 32529 | D:15     | Found a flickering gateway to a bazaar.
 32550 | Bazaar   | Entered a bazaar
 32553 | Bazaar   | Found Retz's Antique Armour Shoppe.
 32578 | Bazaar   | Found Lahoar's Gadget Boutique.
 32583 | Bazaar   | Found Xesifer's Armour Shop.
 32594 | Bazaar   | Found Etwa's Assorted Antiques.
 32604 | Bazaar   | Bought a lumpy red potion for 21 gold pieces
 32612 | Bazaar   | Bought the cursed +0 cloak "Eheesogu" {Str+3} for 133 gold pieces
 33601 | D:15     | Found a staircase to the Depths.
 33609 | D:15     | Lost mutation: You are extremely frail. (-30% HP) [mutagenic meat]
 33610 | D:15     | Lost mutation: Your body often deteriorates upon taking damage. [mutagenic meat]
 33612 | D:15     | Gained mutation: Your flesh is heat resistant. (rF+) [mutagenic meat]
 33702 | D:15     | Noticed Azrael
 33712 | D:15     | Killed Azrael
 33811 | D:15     | Found Gozag's Platinum Reserve.
 33816 | D:15     | Found an opulent altar of Gozag.
 33916 | D:15     | Gained mutation: Your tail ends in a poisonous barb. [potion of mutation]
 33916 | D:15     | Gained mutation: You expend magic power (3 MP) to strengthen your wands. [potion of mutation]
 34104 | Swamp:1  | Entered Level 1 of the Swamp
 35314 | Swamp:2  | Reached XP level 17. HP: 98/118 MP: 26/26
 35325 | Swamp:2  | Reached skill level 20 in Unarmed Combat
 37139 | Snake:1  | Entered Level 1 of the Snake Pit
 37578 | Snake:1  | Lost mutation: Your body sometimes deteriorates upon taking damage. [mutagenic meat]
 37579 | Snake:1  | Gained mutation: You are extremely frail. (-30% HP) [mutagenic meat]
 37581 | Snake:1  | Gained mutation: You are resistant to electric shocks. (rElec) [mutagenic meat]
 37849 | Snake:1  | HP: 5/105 [naga ritualist/Olgreb's Toxic Radiance (1)]
 37850 | Snake:1  | HP: 2/105 [poisoned by a naga ritualist]
 37853 | Snake:1  | Succumbed to a naga ritualist's poison

Vault maps used:
D:1:      matt_arrival_diagonals
D:3:      minmay_door_path, lemuel_doored_altar
D:4:      kennysheep_mini_moat, first_bread
D:5:      serial_undead, serial_undead_e, serial_undead_f, serial_undead_e,
          serial_undead_e, fedhas_bush_and_centaur_altar
D:6:      marbit_many_paths, grunt_decor_cap, nrook_mini_vaults
D:7:      uniq_menkaure
D:8:      david_nohive_1, kennysheep_decorative_pillar,
          minmay_misc_feat_diagonals, kennysheep_generic_room_5
D:9:      kennysheep_little_box
D:10:     wad_crossroads, minivault_1
D:11:     david_lair_generic, orc_0_dummy, nrook_pool_corridor, minivault_16,
          nicolae_ru_awakened_eye, uniq_maurice, uniq_harold, uniq_josephine,
          uniq_erolcha
D:12:     roderic_whirl, kennysheep_generic_room_16, uniq_kirke
D:13:     david_vaults_2, enter_trove_0, minmay_lizard_king, uniq_sonja
D:14:     serial_shops, nicolae_shop_statue_plus,
          portal_ice_cave_entry_pillars_1, hangedman_decor_opposing
D:15:     gammafunk_enter_depths_forms, nicolae_gozag_zags_fifth_avenue,
          serial_shops, bzr_entry_gold, uniq_azrael
Temple:   regret_index_temple_sphere_string
Lair:1:   grunt_megastairs_1, infiniplex_staircase_pool
Lair:2:   minmay_snake_entry_guardpost_large, basic_altar
Lair:4:   swamp_mist
Lair:5:   minivault_27, minmay_holes
Lair:6:   due_jungle_book, minmay_slime_entry_oklob_enclosed, special_room,
          grunt_megastairs_5
Swamp:1:  serial_swamp_ruin, evilmike_swamp_ruin_house_3,
          evilmike_swamp_ruin_house_2, evilmike_swamp_ruin_rubble_2, swamp_pool1
Swamp:2:  hangedman_swamp_pad
Swamp:3:  nicolae_swamp_very_dense_foliage, swamp_pool5
Snake:1:  serial_bayou_shore_b
Orc:1:    basic_altar, serial_shops, shop
Orc:2:    pf_orc_diabolical, nicolae_orc_stony_grotto, hangedman_feature_mirror
Bazaar:   bazaar_kb_twisted_cavern
IceCv:    ice_cave_caverns_03

Skill      XL: |  1  2  3  4  5  6  7  8  9 10 11 12 13 14 15 16 17 |
---------------+----------------------------------------------------+-----
Unarmed Combat | 3 4 5 6 7 8 10 11 13 14 15 17 19 20 | 20.4
Fighting       | 5 7 9 10 12 13 | 13.5
Dodging        | 5 8 10 13 14 | 14.9
Invocations    | 4 10 12 | 12.0
Shields        | |  3.0

Action                   |  1- 3 |  4- 6 |  7- 9 | 10-12 | 13-15 | 16-18 || total
-------------------------+-------+-------+-------+-------+-------+-------++-------
Melee: Unarmed           |   160 |   124 |   455 |   601 |   966 |   843 ||  3149
       Tailslap          |    18 |    23 |    59 |   141 |   247 |   200 ||   688
       Bite              |       |       |       |       |       |   113 ||   113
Invok: Slouch            |       |       |       |       |     9 |     7 ||    16
       Temporal Distorti |       |       |       |       |     1 |       ||     1
 Abil: Evoke Berserk Rag |       |       |     5 |       |       |       ||     5
Evoke: Wand              |       |       |     3 |     4 |       |       ||     7
  Use: Scroll            |       |       |    13 |    11 |    10 |     9 ||    43
       Potion            |       |       |     1 |     6 |     2 |     1 ||    10
 Stab: Sleeping          |     1 |       |       |     7 |     2 |       ||    10
       Distracted        |       |       |       |       |     3 |       ||     3
  Eat: Chunk             |     4 |     8 |    16 |    14 |    22 |    32 ||    96
       Pizza             |       |       |     1 |       |       |       ||     1
       Beef jerky        |       |       |       |     2 |       |       ||     2
       Bread ration      |       |       |       |       |     1 |       ||     1
Armor: Skin              |    31 |    29 |   140 |   141 |   205 |   146 ||   692
Dodge: Dodged            |    43 |    40 |   139 |   266 |   574 |   571 ||  1633
Block: Shield            |    51 |    56 |   173 |   318 |   509 |   504 ||  1611
